 Dungeon Crawl Stone Soup version 0.29.1-14-g9c671dbff4 (webtiles) character file.

Game seed: 7772259652876519892

48 Heoruswealwe the Caller (level 3, -8/20 HPs)
             Began as a Deep Elf Summoner on Feb 13, 2023.
             Mangled by a neqoxec (14 damage)
             ... created by the fury of Makhleb
             ... on level 2 of the Dungeon.
             The game lasted 00:24:23 (3144 turns).

Heoruswealwe the Caller (Deep Elf Summoner)         Turns: 3144, Time: 00:24:23

Health: -8/20      AC:  2    Str:  5    XL:     3   Next: 50%
Magic:  6/9        EV: 12    Int: 21    God:
Gold:   92         SH:  0    Dex: 15    Spells: 4/8 levels left

rFire   . . .      SeeInvis .   g - +0 dagger
rCold   . . .      Faith    .   (no shield)
rNeg    . . .      Spirit   .   a - +0 robe
rPois   .          Reflect  .   (no helmet)
rElec   .          Harm     .   (no cloak)
rCorr   .          Rampage  .   (no gloves)
Will    .....                   (no boots)
Stlth   ++........              (no amulet)
HPRegen 0.06/turn               (no ring)
MPRegen 0.11/turn               (no ring)

@: no status effects
A: no striking features
a: no special abilities


You were on level 2 of the Dungeon.
You visited 1 branch of the dungeon, and saw 2 of its levels.

You collected 92 gold pieces.

Inventory:

Hand Weapons
 f - a +0 hand axe
 g - a +0 dagger (weapon)
 i - a +0 dagger
 o - a +0 short sword
 p - a +0 club
 q - a +0 short sword
 s - a +0 whip
 u - a +0 short sword
 w - a +0 club
 x - a +0 short sword
Missiles
 h - 13 stones
 z - 4 silver javelins
Armour
 a - a +0 robe (worn)
 e - a +0 chain mail
Scrolls
 c - 3 scrolls of identify {unknown}
 d - a scroll of blinking {unknown}
 l - a scroll of butterflies {unknown}
 r - a scroll of enchant weapon {unknown}
 t - a scroll of immolation {unknown}
 y - a scroll of teleportation {unknown}
Potions
 b - a potion of magic
 j - a potion of invisibility {unknown}
 k - a potion of heal wounds {unknown}
 m - a potion of might {unknown}
 n - a potion of attraction {unknown}
 v - a potion of haste {unknown}


   Skills:
 + Level 0.4 Fighting
 + Level 0.3 Long Blades
 + Level 2.6 Dodging
 + Level 2.7 Stealth
 * Level 3.4 Spellcasting
 + Level 0.7 Conjurations
 + Level 0.1 Hexes
 * Level 4.5 Summonings
 + Level 0.1 Necromancy
 + Level 0.2 Translocations
 + Level 0.6 Transmutations
 + Level 0.1 Fire Magic
 + Level 0.2 Ice Magic
 + Level 0.3 Air Magic
 + Level 0.5 Earth Magic
 + Level 0.2 Poison Magic
 + Level 0.5 Invocations
 + Level 0.1 Evocations


You had 4 spell levels left.
You knew the following spells:

 Your Spells              Type           Power      Damage    Failure   Level
a - Summon Small Mammal   Summ           88%        N/A       1%          1
b - Call Canine Familiar  Summ           22%        N/A       6%          3

Your spell library contained the following spells:

 Spells                   Type           Power      Damage    Failure   Level
 Call Imp                 Summ           22%        N/A       3%          2
 Necrotise                Necr           16%        1d4       12%         1
 Summon Guardian Golem    Hex/Summ       13%        N/A       14%         3
 Vampiric Draining        Necr           4%         2d6       36%         3
 Summon Lightning Spire   Summ/Air       13%        N/A       43%         4
 Agony                    Necr           4%         N/A       98%         5


Dungeon Overview and Level Annotations

Branches:
Dungeon (2/15)

Altars:
Makhleb


Message History

The spell is quite dangerous to miscast (6% risk of failure)!
Continue anyway?
The ball python hisses angrily.
The ball python closely misses your hound.
The ball python barely misses your hound.
Your hound closely misses the ball python.
The ball python bites your hound but does no damage.
The ball python grabs your hound. The ball python constricts your hound.
Your hound bites the ball python.
The ball python barely misses your hound.
The ball python constricts your hound.
Your hound misses the ball python. The ball python bites your hound.
The ball python constricts your hound.
Your hound bites the ball python.
The ball python dies!
You swap places.
You see here a ball python corpse.
Found 4 silver javelins.
z - 4 silver javelins Your hound disappears in a puff of smoke!
Found a stone staircase leading down.
There is a stone staircase leading down here.
You see here a bat skeleton.
Makhleb sends a minion to punish you. The divine experience confuses you!
You are confused.
A neqoxec comes into view.
You're too confused to cast spells.
You bump into the rock wall.
You bump into the rock wall.
The neqoxec gestures at you.
Something tries to feed on your intellect!
You bump into the rock wall.
The neqoxec hits you!
Ouch! That really hurt!
* * * LOW HITPOINT WARNING * * *
The neqoxec attacks as you move away! The neqoxec misses you.
You feel less confused.
Casting: Call Canine Familiar (quite dangerous; 6% risk of failure)
Confirm with . or Enter, or press ? or * to list all spells.
The spell is quite dangerous to miscast (6% risk of failure)!
Continue anyway?
The neqoxec hits you!
Ouch! That really hurt!
You die...

#.#. #.##.#.##...... #.#.##
#.##.#.##.##.#. #.....
#.#..........#. #...#
#......##.##.#. #...#
#.........##.#.
#...###########......#####.#.
#.........##.h÷............#.
#...#####.##3####.#........#.
....†.......†##@####.#.......###
.................#............#
..............#...............#
#.###.........#....##.........#
. #...###...#...............#
#...# #...#.....##.########
#...###...#...#.....#
#...............##..#
...................# #######


You could see a neqoxec (ally target) and a friendly hound (summoned).

Vanquished Creatures
  2 bats
  8 bushes (D:1)
10 creatures vanquished.

Vanquished Creatures (collateral kills)
  A worm (D:2)
  3 dart slugs
  2 endoplasms
  2 giant cockroaches
  4 goblins
  4 hobgoblins
  2 quokkas
  7 ball pythons
  5 bats
  A frilled lizard (D:2)
  4 kobolds
35 creatures vanquished.

Grand Total: 45 creatures vanquished

Notes
Turn   | Place    | Note
-------+----------+-------------------------------------------
     0 | D:1      | Heoruswealwe the Deep Elf Summoner began the quest for the
                  | Orb.
     0 | D:1      | Reached XP level 1. HP: 10/10 MP: 6/6
   273 | D:1      | Reached XP level 2. HP: 15/15 MP: 6/8
  2123 | D:1      | Found a faded altar of an unknown god.
  2217 | D:1      | Prayed at the altar of an unknown god.
  2217 | D:1      | Became a worshipper of Makhleb the Destroyer
  2217 | D:1      | Reached * piety under Makhleb
  2218 | D:1      | Fell from the grace of Makhleb
  2510 | D:2      | Reached XP level 3. HP: 3/20 MP: 3/9
  2702 | D:2      | Learned a level 3 spell: Call Canine Familiar
  3139 | D:2      | Noticed a neqoxec
  3144 | D:2      | Mangled by a neqoxec

Illustrated notes

Levels and vault maps discovered:
D:1:      lemuel_arrival_room, layout_basic, nicolae_ecumenical_snake_handling,
          minmay_liquid_box, dreamdust_princess_bridge
D:2:      layout_loops_cross

Action                   || total
-------------------------++-------
Melee: Hand axe          ||  1159
       Unarmed           ||     1
       Punch             ||    23
       Dagger            ||    15
 Cast: Summon Small Mamm ||    57
       Call Canine Famil ||     2
Invok: Renounce Religion ||     1
 Stab: Sleeping          ||     1
Armor: Robe              ||    16
Dodge: Dodged            ||    42
